 Dungeon Crawl Stone Soup version 0.26.0-10-g1f06aea511 (webtiles) character file.

Game seed: 12125028413143430172

8113 funkygono the Destroyer (level 11, 0/81 HPs)
             Began as a White Draconian Conjurer on Jan 31, 2021.
             Was a Priest of Sif Muna.
             Collided with a stone wall (15 damage)
             ... caused by a wretched star
             ... on level 2 of the Abyss.
             The game lasted 00:26:57 (11797 turns).

funkygono the Destroyer (White Draconian Conjurer) Turns: 11797, Time: 00:26:57

Health: 0/81       AC: 16    Str: 15    XL:     11   Next: 5%
Magic:  25/25      EV: 14    Int: 22    God:    Sif Muna [***...]
Gold:   357        SH:  0    Dex:  9    Spells: 27/30 levels left

rFire    . . .     SeeInvis .   w - +10 mace of Ditisiu {protect, Str+5}
rCold    + . .     Faith    .   (no shield)
rNeg     . . .     Spirit   .   (armour unavailable)
rPois    .         Reflect  .   (helmet restricted)
rElec    .         Harm     .   n - +2 cloak
rCorr    .         Rampage  .   f - +2 pair of gloves
Will     .....                  h - +2 pair of boots
Stlth    +++.......             (no amulet)
HPRegen  0.23/turn              j - ring of stealth
MPRegen  0.19/turn              (no ring)

@: no status effects
A: breathe frost, unfitting armour, cold resistance 1, cold-blooded, AC +7
a: Breathe Frost, Renounce Religion, Channel Magic, Forget Spell


You were on level 2 of the Abyss.
You worshipped Sif Muna.
Sif Muna was most pleased with you.
You visited 2 branches of the dungeon, and saw 14 of its levels.
You visited the Abyss 1 time.

You collected 611 gold pieces.
You spent 254 gold pieces at shops.

Inventory:

Hand Weapons
 c - a +1 whip
 t - a +0 whip of flaming
 w - the +10 mace of Ditisiu (weapon) {protect, Str+5}
   (You found it on level 5 of the Dungeon)

   It grants its wielder temporary protection when it strikes (+7 to AC).
   It affects your strength (+5).
Missiles
 e - 295 stones
Armour
 f - a +2 pair of gloves (worn)
 h - a +2 pair of boots (worn)
 n - a +2 cloak (worn)
 C - a +1 cloak
Jewellery
 j - a ring of stealth (left hand)
Wands
 l - a wand of iceblast (22)
 o - a wand of flame (12)
 q - a wand of polymorph (4)
Scrolls
 b - 6 scrolls of identify
 u - 2 scrolls of enchant weapon
 x - 2 scrolls of amnesia
 B - a scroll of magic mapping
 D - a scroll of fog
Potions
 a - 2 potions of mutation
 d - 2 potions of attraction
 g - 3 potions of flight
 i - 2 potions of haste
 k - a potion of magic
 m - 2 potions of heal wounds
 p - 3 potions of might
 r - 2 potions of curing
 s - 2 potions of lignification
 v - a potion of ambrosia
 z - a potion of invisibility
 A - a potion of brilliance


   Skills:
 + Level 2.7 Fighting
 + Level 4.2 Maces & Flails
 + Level 4.9 Dodging
 + Level 4.5 Stealth
 + Level 10.0 Spellcasting
 + Level 11.1 Conjurations


You had 27 spell levels left.
You knew the following spells:

 Your Spells              Type           Power        Failure   Level
a - Magic Dart            Conj           100%         1%          1
b - Searing Ray           Conj           100%         1%          2

Your spell library contained the following spells:

 Spells                   Type           Power        Failure   Level
 Dazzling Flash           Conj/Hex       70%          1%          3
 Animate Skeleton         Necr           22%          6%          1
 Apportation              Tloc           22%          6%          1
 Corona                   Hex            12%          6%          1
 Summon Small Mammal      Summ           44%          6%          1
 Fulminant Prism          Conj/Hex       17%          6%          4
 Iskenderun's Mystic Bla  Conj/Tloc      35%          6%          4
 Sublimation of Blood     Necr           5%           9%          2
 Vampiric Draining        Necr           5%           19%         3
 Animate Dead             Necr           5%           52%         4


Dungeon Overview and Level Annotations

Branches:
Dungeon (13/15)            Temple (1/1) D:6
   Lair: D:8-11         Orc: D:9-12      Vaults: D:13-14

Altars:
Cheibriados
Dithmenos
Elyvilon
Fedhas
Gozag
Hepliaklqana
Kikubaaqudgha
Makhleb
Nemelex Xobeh
Okawaru
Qazlal
Sif Muna
Trog
Uskayaw
Vehumet
Wu Jian
Xom
Yredelemnul
Zin
The Shining One

Shops:
D:4 [   D:6 ?((}   D:9 !   D:11 *

Annotations:
D:11 Fannar


Innate Abilities, Weirdness & Mutations

You can breathe waves of freezing cold.
You can buffet flying creatures when you breathe cold.
Your icy white scales are hard. (AC +7)
You cannot fit into any form of body armour.
Your flesh is cold resistant. (rC+)
You are cold-blooded and may be slowed by cold attacks.


Message History

Aim: a red very ugly thing (moderately wounded, 17% to evade)
The searing ray misses the red very ugly thing. (Press . to maintain the ray.)
The searing ray misses the red very ugly thing.
You are suddenly pulled into a different region of the Abyss!
Found a scroll of magic mapping.
A small abomination comes into view.
A wretched star comes into view.
The wretched star glows turbulently.
The lance of force hits you!!
* * * LOW HITPOINT WARNING * * *
You are knocked back by the lance of force.
You slam into the crystal wall!
Found 19 arrows.
The wretched star glows turbulently.
The lance of force hits you!
* * * LOW HITPOINT WARNING * * *
You are knocked back by the lance of force.
You slam into the stone wall!
You die...

.. .## .# # #.
##(. ..
..##.#....#.
....#..#.
...#... #....
#..# ## #*@##
.. ##..# .
##..### .
##.#..#..# .#
##..###...#..#
#..#.....#..#..
#..#.#.........
# #.....##...##
#...##.# ..#


You could see a wretched star.

Vanquished Creatures
  A two-headed ogre (D:11)
  Pikel (D:5)
  A centaur zombie (D:8)
  A kobold demonologist (D:9)
  2 trolls (D:9)
  9 yaks
  A wraith (D:10)
  6 orc warriors
  A water moccasin (D:5)
  2 sky beasts
  An ice beast (D:8)
  A black bear (D:7)
  2 ogres
  2 necrophages
  2 phantoms
  3 centaurs
  A lemure (D:5)
  2 big kobolds
  6 bullfrogs
  A wyvern zombie (D:6)
  5 scorpions
  3 wights (D:10)
  10 killer bees
  A howler monkey (D:10)
  7 hounds
  Crazy Yiuf (D:5)
  7 orc priests
  A centaur skeleton (D:11)
  3 bullfrog skeletons
  5 iguanas
  Terence (D:2)
  6 worker ants
  Ijyb (D:5)
  Natasha (thrice) (D:2)
  8 orc wizards
  A howler monkey zombie (D:6)
  8 adders
  2 howler monkey skeletons
  2 shadow imps
  4 white imps
  3 ufetubi
  2 adder zombies
  An adder skeleton (D:8)
  2 worms
  2 dart slugs (D:1)
  3 leopard geckos
  38 orcs
  2 ball pythons
  10 giant cockroaches
  5 goblins
  6 hobgoblins
  10 jackals
  2 quokkas
  7 bats
  10 frilled lizards
  12 kobolds
  5 rats
245 creatures vanquished.

Vanquished Creatures (others)
  An orc (D:12)
1 creature vanquished.

Grand Total: 246 creatures vanquished

Notes
Turn   | Place    | Note
-------+----------+-------------------------------------------
     0 | D:1      | funkygono the Draconian Conjurer began the quest for the
                  | Orb.
     0 | D:1      | Reached XP level 1. HP: 14/14 MP: 3/3
   373 | D:1      | Reached XP level 2. HP: 20/20 MP: 1/5
  1176 | D:1      | Learned a level 2 spell: Searing Ray
  1232 | D:2      | Reached XP level 3. HP: 26/26 MP: 3/6
  1481 | D:2      | Noticed Terence
  1483 | D:2      | Noticed Natasha
  1487 | D:2      | Killed Natasha
  1488 | D:2      | Reached skill level 5 in Conjurations
  1504 | D:2      | Killed Terence
  1505 | D:2      | Reached XP level 4. HP: 20/33 MP: 0/7
  2221 | D:2      | Noticed Natasha
  2226 | D:2      | Killed Natasha
  2238 | D:2      | Noticed Natasha
  2250 | D:2      | Killed Natasha
  2251 | D:2      | Reached XP level 5. HP: 31/38 MP: 0/9
  2728 | D:3      | Found a bloodstained altar of Trog.
  2974 | D:3      | Found a white marble altar of Elyvilon.
  3115 | D:3      | Found a blossoming altar of Fedhas.
  3316 | D:4      | Noticed an ogre
  3321 | D:4      | Killed an ogre
  3322 | D:4      | Reached XP level 6. HP: 45/45 MP: 3/11
  3418 | D:3      | Reached skill level 6 in Conjurations
  3758 | D:4      | Found a hide-covered altar of Uskayaw.
  3859 | D:4      | Found Voonoj's Antique Armour Shoppe.
  3896 | D:4      | Bought an embroidered cloak for 172 gold pieces
  3978 | D:4      | Found a snail-covered altar of Cheibriados.
  3978 | D:4      | Found a shadowy altar of Dithmenos.
  4229 | D:5      | Entered Level 5 of the Dungeon
  4360 | D:5      | Noticed a water moccasin
  4365 | D:5      | Killed a water moccasin
  4366 | D:5      | Your scales start taking on an icy white colour.
  4366 | D:5      | Reached XP level 7. HP: 51/51 MP: 6/13
  4366 | D:5      | Gained mutation: Your flesh is cold resistant. (rC+) [White
                  | Draconian growth]
  4598 | D:5      | Noticed Ijyb
  4620 | D:5      | Killed Ijyb
  4680 | D:5      | Noticed Pikel
  4687 | D:5      | Killed Pikel
  4688 | D:5      | Reached skill level 5 in Spellcasting
  4688 | D:5      | Reached skill level 7 in Conjurations
  4688 | D:5      | Reached XP level 8. HP: 52/58 MP: 7/16
  5015 | D:5      | Found a runed translucent door.
  5016 | D:5      | Noticed Crazy Yiuf
  5022 | D:5      | Killed Crazy Yiuf
  5028 | D:5      | Got an ancient mace
  5029 | D:5      | Identified the +10 mace of Ditisiu {protect, Str+5} (You
                  | found it on level 5 of the Dungeon)
  5768 | D:6      | Reached skill level 8 in Conjurations
  5920 | D:6      | Found Zuvoez's Antique Weapon Emporium.
  5944 | D:6      | Found Juushrof's Antique Weapon Shoppe.
  6124 | D:6      | Found Edu Cayrph's Gadget Boutique.
  6287 | D:6      | Found a staircase to the Ecumenical Temple.
  6293 | Temple   | Entered the Ecumenical Temple
  6299 | Temple   | Became a worshipper of Sif Muna the Loreminder
  6313 | D:6      | Found Wahyscha's Magic Scroll Shoppe.
  6321 | D:6      | Bought a scroll of enchant armour for 82 gold pieces
  6480 | D:7      | Reached XP level 9. HP: 63/63 MP: 8/20
  7129 | D:7      | Reached skill level 1 in Maces & Flails
  7457 | D:8      | Reached * piety under Sif Muna
  7507 | D:8      | Found a hazy altar of Hepliaklqana.
  7573 | D:8      | Found an opulent altar of Gozag.
  7706 | D:8      | Reached skill level 9 in Conjurations
  7837 | D:8      | Reached skill level 1 in Fighting
  8036 | D:8      | Found a sparkling altar of Nemelex Xobeh.
  8280 | D:9      | Noticed a kobold demonologist
  8308 | D:9      | Killed a kobold demonologist
  8399 | D:9      | Noticed a troll
  8406 | D:9      | Killed a troll
  8435 | D:9      | Noticed a troll
  8535 | D:9      | Killed a troll
  8536 | D:9      | Reached XP level 10. HP: 59/73 MP: 12/22
  8659 | D:9      | Reached ** piety under Sif Muna
  8797 | D:9      | Found Mosimo's Distillery.
  8896 | D:9      | Reached skill level 10 in Conjurations
  9429 | D:10     | Entered Level 10 of the Dungeon
 10618 | D:10     | Found a glowing golden altar of the Shining One.
 11194 | D:11     | Noticed a two-headed ogre
 11205 | D:11     | Killed a two-headed ogre
 11208 | D:11     | Found Jaed's General Store.
 11258 | D:11     | Reached skill level 11 in Conjurations
 11420 | D:11     | Reached XP level 11. HP: 81/81 MP: 19/24
 11434 | D:11     | Reached *** piety under Sif Muna
 11435 | D:11     | Reached skill level 10 in Spellcasting
 11492 | D:11     | Noticed Fannar
 11495 | D:11     | You fall into a shaft and drop 2 floors!
 11618 | D:12     | Identified the Almanac of Unholy Magic
 11653 | D:12     | Noticed a wizard
 11662 | D:12     | Cast into level 2 of the Abyss (a wizard)
 11699 | Abyss:2  | Noticed a sea snake
 11702 | Abyss:2  | Noticed a green very ugly thing
 11702 | Abyss:2  | Noticed a green ugly thing
 11702 | Abyss:2  | Noticed a green very ugly thing
 11702 | Abyss:2  | Noticed a green very ugly thing
 11704 | Abyss:2  | Noticed a green ugly thing
 11711 | Abyss:2  | Noticed a green ugly thing
 11793 | Abyss:2  | Noticed a wretched star
 11797 | Abyss:2  | Collided with a stone wall

Illustrated notes

Levels and vault maps discovered:
D:1:      eino_arrival_cavern_b, layout_rooms, minmay_tromino_mix6
D:2:      layout_loops_ring, uniq_terence, uniq_natasha
D:3:      layout_loops_ring, lemuel_coloured_pillars_altar, elyvilon_altar_3,
          bloody_trog
D:4:      layout_rooms, kennysheep_mini_moat, amethyst_overflow_temple_binary,
          serial_shops, nicolae_shop_crystal
D:5:      layout_gridville, uniq_pikel, uniq_crazy_yiuf_cottage, uniq_ijyb
D:6:      layout_loops_ring, minmay_temple_entry_enclosed_plants, serial_shops,
          shop, shop, shop, shop
D:7:      layout_basic
D:8:      layout_loops_ring, nicolae_gozag_cash_rules_everything_around_me,
          basic_altar, nemelex_lonely_heart_becter
D:9:      layout_gridville, serial_shops, shop_statue, minmay_strange_pillars
D:10:     layout_layer_cave, tso_metal_star
D:11:     layout_loops_ring, minmay_lair_entry_lava, david_orc_4, serial_shops,
          shop, nicolae_qazlal_style_of_elements, uniq_fannar
D:12:     layout_loops_corners, uniq_erolcha
D:13:     minmay_guarded_unrand_guard, layout_cave_pools, erik_vaults_1,
          serial_shops, nicolae_shop_trees, corexii_leaking_fountain,
          nicolae_two_hexagons, minivault_5, minmay_misc_feat_cross,
          grunt_ministairs_10, uniq_azrael
Temple:   nicolae_temple_x_marks_the_god
Abyss:2:  base: D:5, hangedman_abyss_or_decor_clamps, evilmike_abyss_exit_kraken

Skill      XL: |  1  2  3  4  5  6  7  8  9 10 11 |
---------------+----------------------------------+-----
Dodging        | 2 3 4 |  4.9
Conjurations   | 5 6 7 8 9 11 | 11.1
Spellcasting   | 3 4 5 7 8 9 10 | 10.0
Stealth        | 2 3 4 |  4.5
Maces & Flails | 3 4 |  4.2
Fighting       | 1 2 |  2.7

Action                   |  1- 3 |  4- 6 |  7- 9 | 10-12 || total
-------------------------+-------+-------+-------+-------++-------
Melee: Unarmed           |    16 |       |    10 |       ||    26
       Tailslap          |     5 |       |     1 |     4 ||    10
       Whip              |    17 |     5 |       |       ||    22
       Mace              |       |       |    21 |    21 ||    42
 Cast: Magic Dart        |    53 |    65 |   118 |   119 ||   355
       Searing Ray       |     1 |    21 |    53 |    47 ||   122
 Abil: Breathe Frost     |       |       |       |     1 ||     1
  Use: Scroll            |     3 |     9 |    10 |     4 ||    26
       Potion            |       |       |       |     1 ||     1
 Stab: Confused          |       |       |     1 |       ||     1
Armor: Skin              |     4 |     5 |    28 |    22 ||    59
Dodge: Dodged            |    25 |    12 |    66 |    35 ||   138
